 Dungeon Crawl Stone Soup version 0.31-a0-303-gdc8c9485ea (webtiles) character file.

Game seed: 3330829771417572817

52 marky1606 the Changeling (level 3, 0/27 HPs)
             Began as a Demonspawn Shapeshifter on July 17, 2023.
             Succumbed to an adder's poison
             ... on level 2 of the Dungeon.
             The game lasted 00:03:55 (1053 turns).

marky1606 the Changeling (Demonspawn Shapeshifter)  Turns: 1053, Time: 00:03:55

Health: 0/27       AC:  2    Str: 15    XL:     3   Next: 60%
Magic:  3/3        EV: 12    Int:  9    God:
Gold:   37         SH:  0    Dex: 15    Spells: 2/2 levels left

rFire   . .          .
                       - Unarmed
rCold   . . .        (no shield)
rNeg    . . .        a - +0 animal skin
rPois   .            (helmet currently unavailable)
rElec   .            (cloak currently unavailable)
rCorr   .            (gloves currently unavailable)
SInv    .            (boots currently unavailable)
Will    .....        (no amulet)
Stlth   +            (no ring)
HPRegen 0.24/turn    (no ring)
MPRegen 0.08/turn

%: no passive effects
@: lethally poisoned (0 -> -5), beast-form
A: beast (slay +2), foul stench 2
a: Begin Untransformation


You were on level 2 of the Dungeon.
You were a hulking beast.
You visited 1 branch of the dungeon, and saw 2 of its levels.

You collected 37 gold pieces.

Inventory:

Armour
 a - a +0 animal skin (worn)
Talismans
 c - a beast talisman
Scrolls
 d - a scroll of teleportation {unknown}
 e - a scroll of blinking {unknown}
 f - 2 scrolls of identify {unknown}
Potions
 b - a potion of lignification
 g - a potion of might {unknown}
 h - a potion of enlightenment {unknown}
 i - a potion of attraction {unknown}
 j - a potion of haste {unknown}


   Skills:
 + Level 2.1 Fighting
 * Level 2.1 Dodging
 * Level 2.9 Unarmed Combat
 + Level 3.0 Shapeshifting


You had 2 spell levels left.
You didn't know any spells.
Your spell library was empty.

Dungeon Overview and Level Annotations

Branches:
Dungeon (2/15)

Altars:

Annotations:
D:2 Sigmund


Innate Abilities, Weirdness & Mutations

You are a hulking beast.
Your limbs bulge with bestial killing power. (Slay +2)
You sometimes emit foul miasma when damaged in melee.


Message History

You emit a cloud of foul miasma!
You closely miss the adder. The adder barely misses you.
The bat hits you but does no damage.
A jackal comes into view.
The quokka is engulfed in dark miasma.
The quokka is poisoned.
You kill the quokka!
You closely miss the adder. The bat closely misses you.
The bat hits you but does no damage. The adder barely misses you.
You hit the adder.
The adder is heavily wounded.
The bat misses you. The adder misses you. The bat hits you.
The adder completely misses you.
You closely miss the adder.
The adder is heavily wounded.
The bat misses you. The bat hits you. The adder bites you.
You are poisoned.
The adder poisons you!
You hit the bat.
You kill the bat!
You feel sick. The adder misses you.
You closely miss the adder.
The adder is heavily wounded.
You feel sick. The adder bites you.
You are lethally poisoned!
The adder poisons you!
You emit a cloud of foul miasma!
The jackal bites you but does no damage.
The jackal attacks as you move away! The jackal bites you.
* * * LOW HITPOINT WARNING * * *
x2 You feel very sick.
The adder is engulfed in dark miasma.
The adder is poisoned.
The adder seems to slow down.
You kill the adder!
You see here an emerald potion.
You hit the jackal. You punch the jackal.
You kill the jackal!
* * * LOW HITPOINT WARNING * * *
You feel sick.
Unknown command.
You hit the jackal but do no damage.
You die...

#.........#
#.........#
#.........###
#...........
#.........#
#####
#.........#
#...#
#..)°§....#
##.#.# #h##
#..#.## #h.##
#.##..# ##..#
#.###.# ##.#
##.# #.#
#.#### #..#
#.#
#....###.##
#.#
####.##..#
#.## #.##.##
#..( ##.#..#
###.
####....## .


You could see a jackal.

Vanquished Creatures
  An adder (D:2)
  A dart slug (D:1)
  5 ball pythons
  2 bats
  2 endoplasms (D:1)
  2 giant cockroaches (D:1)
  2 goblins (D:1)
  2 hobgoblins (D:1)
  5 jackals (D:2)
  4 quokkas
  4 frilled lizards (D:1)
  A kobold (D:2)
  7 rats
38 creatures vanquished.

Notes
Turn   | Place    | Note
-------+----------+-------------------------------------------
     0 | D:1      | marky1606 the Demonspawn Shapeshifter began the quest for
                  | the Orb.
     0 | D:1      | Reached XP level 1. HP: 16/16 MP: 1/1
   224 | D:1      | Gained mutation: You may rarely emit foul miasma when
                  | damaged in melee. [demonic ancestry]
   224 | D:1      | Reached XP level 2. HP: 22/22 MP: 2/2
   662 | D:1      | Reached skill level 3 in Shapeshifting
   662 | D:1      | Gained mutation: You sometimes emit foul miasma when
                  | damaged in melee. [demonic ancestry]
   662 | D:1      | Reached XP level 3. HP: 25/27 MP: 3/3
  1009 | D:2      | Noticed Sigmund
  1052 | D:2      | HP: 1/27 [poisoned by an adder]
  1053 | D:2      | Succumbed to an adder's poison

Illustrated notes

Levels and vault maps discovered:
D:1:      dpeg_arrival_fog, layout_basic
D:2:      layout_rooms, uniq_sigmund

Skill      XL: |  1  2 |
---------------+-------+-----
Unarmed Combat | 2 |  2.9
Dodging        | 2 |  2.1
Shapeshifting  | 3 |  3.0
Fighting       | |  2.1

Action                     || total
---------------------------++-------
  Melee: Unarmed           ||    96
         Punch             ||     3
   Stab: Sleeping          ||     2
 Armour: Animal skin       ||    12
  Dodge: Dodged            ||    62

Table legend: (Time is in decaauts)
 A = Elapsed time spent in this place.
 B = Non-inter-level travel time spent in this place.
 C = Inter-level travel time spent in this place.
 D = Time resting spent in this place.
 E = Time spent auto-exploring this place.
 F = Levels seen in this place.
 G = Mean time per level.
                   A        B        C        D        E       F      G
               +--------+--------+--------+--------+--------+-----+--------+
         Total |   1049 |   1043 |      6 |    117 |    650 |   2 |  524.5 |
       Dungeon |   1049 |   1043 |      6 |    117 |    650 |   2 |  524.5 |
               +--------+--------+--------+--------+--------+-----+--------+

Top non-repeatable levels by time:
     D:1: 902 daAuts
     D:2: 147 daAuts
